 Dungeon Crawl Stone Soup version 0.24.0-29-g8ce449bc06 (webtiles) character file.

Game seed: 12266178813053211798, levelgen mode: deterministic

1176 Flugslaktarn the Chopper (level 8, -6/70 HPs)
             Began as a Minotaur Fighter on Nov 14, 2019.
             Was a Follower of Makhleb.
             Killed by divine providence
             ... invoked by an orc priest
              (15 damage)
             ... on level 6 of the Dungeon.
             The game lasted 00:02:36 (4909 turns).

Flugslaktarn the Chopper (Minotaur Fighter)         Turns: 4909, Time: 00:02:37

Health: -6/70      AC:  8    Str: 24    XL:     8   Next: 18%
Magic:  9/9        EV:  8    Int:  5    God:    Makhleb [*.....]
Gold:   363        SH: 10    Dex: 11    Spells: 7/7 levels left

rFire    + . .     SeeInvis .   B - +0 hand axe (freeze)
rCold    . . .     Gourm    .   c - +0 shield
rNeg     . . .     Faith    .   b - +0 scale mail
rPois    .         Spirit   .   (helmet restricted)
rElec    .         Reflect  .   p - scarf {repulsion}
rCorr    .         Harm     .   (no gloves)
MR       .....                  m - +0 pair of boots
Stlth    ..........             (no amulet)
HPRegen  0.21/turn              z - ring "Saineb" {rF+ Dex+2 Slay+3}
MPRegen  0.11/turn              (no ring)

@: repel missiles
A: retaliatory headbutt, horns 2
a: Renounce Religion


You were on level 6 of the Dungeon.
You worshipped Makhleb.
Makhleb was aware of your devotion.
You were not hungry.

You visited 1 branch of the dungeon, and saw 6 of its levels.

You collected 363 gold pieces.

Inventory:

Hand Weapons
 a - a +0 war axe
 B - a +0 hand axe of freezing (weapon)
   (You found it on level 6 of the Dungeon)
Armour
 b - a +0 scale mail (worn)
 c - a +0 shield (worn)
 m - a +0 pair of boots (worn)
   (You found it on level 1 of the Dungeon)
 p - a scarf of repulsion (worn)
   (You found it on level 2 of the Dungeon)
Jewellery
 v - an uncursed ring of stealth {unknown}
   (You found it on level 3 of the Dungeon)
 y - an uncursed ring of positive energy {unknown}
   (You found it on level 5 of the Dungeon)
 z - the ring "Saineb" (left hand) {rF+ Dex+2 Slay+3}
   (You found it on level 5 of the Dungeon)

   [ring of protection from fire]

   It affects your dexterity (+2).
   It affects your accuracy and damage with ranged weapons and melee attacks
   (+3).
   It protects you from fire.
Wands
 h - a wand of scattershot (8)
   (You found it on level 4 of the Dungeon)
Scrolls
 d - a scroll of random uselessness {unknown}
 f - a scroll of blinking {unknown}
 i - 2 scrolls of remove curse {unknown}
 j - 2 scrolls of fear {unknown}
 k - a scroll of enchant weapon {unknown}
 l - a scroll of amnesia {unknown}
 o - 2 scrolls of fog {unknown}
 r - 3 scrolls of identify
 s - 2 scrolls of enchant armour {unknown}
 t - 5 scrolls of teleportation
 x - 2 scrolls of immolation {unknown}
Potions
 g - a potion of mutation {unknown}
 n - a potion of resistance
 q - a potion of curing
 u - a potion of magic {unknown}
 w - 3 potions of heal wounds
Comestibles
 e - 14 rations


   Skills:
 + Level 6.1 Fighting
 * Level 7.3 Axes
 + Level 6.0 Armour
 + Level 6.1 Shields
 + Level 2.8 Invocations


You had 7 spell levels left.
You didn't know any spells.
Your spell library was empty.

Dungeon Overview and Level Annotations

Branches:
Dungeon (6/15)             Temple (0/1) D:4

Altars:
Makhleb

Shops:
D:4 %   D:6 [


Innate Abilities, Weirdness & Mutations

You reflexively headbutt those who attack you in melee.
You have a pair of horns on your head.


Message History

Makhleb accepts your kill.
You can now gain health from killing.
The orc warrior throws a javelin.
The javelin barely misses you.
The orc priest shouts!
The orc warrior throws a javelin.
The javelin misses you.
There is a large open door here.
Things that are here:
a +0 halberd; 8 poisoned darts The gnoll shaman shouts!
The hound barks!
You block the gnoll shaman's attack.
You hit the gnoll shaman. You freeze the gnoll shaman.
The gnoll shaman is moderately wounded.
You hit the orc priest. You freeze the orc priest.
You hit the orc warrior but do no damage.
You completely miss the hound. The hound bites you.
You block the gnoll shaman's attack.
The orc warrior hits you with a +0 flail!
* * * LOW HITPOINT WARNING * * *
The orc priest mumbles some strange prayers to Beogh against you.
Beogh smites you!
You die... #....♣♣..♣♣♣.♣P♣P..PP♣PP.....P♣P. ##.♣♣#########♣♣♣..P♣♣♣♣....♣PPP♣ #.P♣ #.(.((..# ########'')#PPPP #.PP #..[.(..# .$$....#...#P♣♣♣ #.P♣♣#$...(..# .......#.>.### # #PPP

#.......#. .......#...# #.♣P
#..)..).#........ #...# # #. P
#......(####h'########(#.oo#
#....#.....$()..@g..)(..K(((ho.o#
....#.......'..oo..).$)((..'.K.#
################################


You could see an orc warrior, a gnoll shaman, a hound and an orc priest.

Vanquished Creatures
  A wraith (D:5)
  An ice beast (D:6)
  3 ogres
  A centaur (D:5)
  A bullfrog (D:5)
  A scorpion (D:6)
  A crimson imp (D:6)
  An orc priest (D:3)
  4 hounds (D:6)
  An orc wizard (D:6)
  A gnoll shaman (D:6)
  A worker ant (D:3)
  A hound skeleton (D:6)
  A worker ant zombie (D:6)
  Robin (D:2)
  A gnoll (D:6)
  8 adders
  4 worms
  A dart slug (D:3)
  2 leopard geckos
  6 orcs
  4 ball pythons
  7 bats
  4 giant cockroaches
  20 goblins
  18 hobgoblins
  15 kobolds
  5 frilled lizards
  A leopard gecko zombie (D:6)
  9 rats
125 creatures vanquished.

Vanquished Creatures (others)
  A plant (D:6)
1 creature vanquished.

Grand Total: 126 creatures vanquished

Notes
Turn   | Place    | Note
-------+----------+-------------------------------------------
     0 | D:1      | Flugslaktarn the Minotaur Fighter began the quest for the
                  | Orb.
     0 | D:1      | Reached XP level 1. HP: 19/19 MP: 0/0
   287 | D:1      | Reached XP level 2. HP: 27/27 MP: 1/1
   622 | D:1      | Reached skill level 3 in Axes
   900 | D:2      | Noticed Robin
   901 | D:2      | Found a faded altar of an unknown god.
   904 | D:2      | Reached XP level 3. HP: 19/33 MP: 2/2
   919 | D:2      | Killed Robin
  1250 | D:2      | Reached XP level 4. HP: 39/40 MP: 3/3
  1821 | D:3      | Reached skill level 4 in Axes
  2162 | D:3      | Reached XP level 5. HP: 47/47 MP: 4/4
  2493 | D:3      | Found a burning altar of Makhleb.
  2493 | D:3      | Noticed a blizzard demon
  2496 | D:3      | Noticed a ynoxinul
  2496 | D:3      | Noticed an orange demon
  2596 | D:3      | Became a worshipper of Makhleb the Destroyer
  2731 | D:4      | Found Woriet's Food Shop.
  2790 | D:4      | Found a staircase to the Ecumenical Temple.
  2792 | D:4      | Noticed an ogre
  2801 | D:4      | Killed an ogre
  2801 | D:4      | Reached skill level 5 in Axes
  2801 | D:4      | Reached XP level 6. HP: 16/55 MP: 5/5
  3579 | D:5      | Entered Level 5 of the Dungeon
  3720 | D:5      | Reached skill level 5 in Shields
  3756 | D:5      | Noticed a wraith
  3766 | D:5      | Reached skill level 5 in Fighting
  3766 | D:5      | Reached skill level 5 in Armour
  3766 | D:5      | Reached skill level 1 in Invocations
  3769 | D:5      | Killed a wraith
  3769 | D:5      | Reached skill level 6 in Axes
  3769 | D:5      | Reached XP level 7. HP: 35/61 MP: 5/7
  4085 | D:5      | Got a steaming wooden ring
  4506 | D:6      | Found Locviny's Antique Armour Emporium.
  4788 | D:6      | Reached skill level 7 in Axes
  4807 | D:6      | Reached XP level 8. HP: 55/70 MP: 7/9
  4831 | D:6      | Identified the ring "Saineb" {rF+ Dex+2 Slay+3} (You found
                  | it on level 5 of the Dungeon)
  4904 | D:6      | Reached * piety under Makhleb
  4909 | D:6      | Killed from afar by an orc priest

Levels and vault maps discovered:
D:1:      minmay_arrival_cross, layout_basic, roderic_lattice_a
D:2:      layout_loops_ring, chequers_ecumenical_altar_simple_redux,
          first_ration, uniq_robin
D:3:      layout_rooms, makhleb_altar_promises_db
D:4:      layout_loops_corners, minmay_temple_entry_stoned_glass, serial_shops,
          shop
D:5:      layout_loops_cross, minmay_manual_moon
D:6:      kennysheep_housing_project, layout_rooms, serial_shops, shop,
          minmay_bent

Skill      XL: |  1  2  3  4  5  6  7  8 |
---------------+-------------------------+-----
Axes           | 3 4 5 6 7 |  7.3
Fighting       | 4 5 6 |  6.1
Armour         | 4 5 6 |  6.0
Shields        | 4 5 6 |  6.1
Invocations    | 1 2 |  2.8

Action                   |  1- 3 |  4- 6 |  7- 9 || total
-------------------------+-------+-------+-------++-------
Melee: War axe           |    70 |   116 |    32 ||   218
       Headbutt          |     9 |    18 |    25 ||    52
       Hand axe          |       |       |    53 ||    53
  Use: Potion            |       |     6 |       ||     6
       Scroll            |       |       |     2 ||     2
 Stab: Invisible         |       |     1 |       ||     1
  Eat: Chunk             |     1 |     8 |     4 ||    13
Armor: Scale mail        |    31 |    40 |    29 ||   100
Dodge: Dodged            |    27 |    43 |    24 ||    94
       Deflected         |     1 |     2 |     7 ||    10
Block: Shield            |    37 |    82 |    54 ||   173
